 Dungeon Crawl Stone Soup version 0.21.1-1-g345015f (webtiles) character file.

1795092 Reldio the Slayer (level 25, 69/171 HPs)
             Began as a Gargoyle Fighter on Feb 16, 2018.
             Was a High Priest of Okawaru.
             Escaped with the Orb
             ... and 3 runes!
             The game lasted 05:52:55 (56448 turns).

Reldio the Slayer (Gargoyle Fighter)               Turns: 56448, Time: 05:52:56

Health: 69/171     AC: 57    Str: 23      XL:     25   Next: 90%
Magic:  16/39      EV: 14    Int: 17      God:    Okawaru [*****.]
Gold:   4059       SH: 23    Dex: 19 (20) Spells: 30/32 levels left

rFire    + + .     SeeInvis +   U - +9 broad axe (elec)
rCold    + . .     Gourm    .   u - +0 large shield of Daf Joke {rPois rN+ Regen+ Str+3}
rNeg     + + +     Faith    .   l - +2 gold dragon scales
rPois    ∞         Spirit   +   k - +2 helmet {SInv}
rElec    +         Reflect  .   o - +2 ratskin cloak {+Rats rPois rN+ Str-1 Int-1 Dex+1}
rCorr    .         Harm     .   m - +2 pair of gloves of Zunk {MP+9 Int+3 SInv}
MR       ++...     Rnd*Rage +   A - +2 pair of boots {run} Stlth ..........Rnd*Tele +
                                a - amulet of guardian spirit
HPRegen  0.78/turn              F - ring of Honesty {rF+ Int+5}
MPRegen  0.26/turn              P - ring of protection from magic

@: quick
A: big wings, talons 1, agile 1, berserk 1, deterioration 1, negative energy
resistance 1, screaming 1, electricity resistance, teleportitis 1, weak 1,
unbreathing, petrification resistance, rot immunity, AC +19
0: Orb of Zot
}: 3/15 runes: decaying, serpentine, abyssal
a: Fly, Heroism, Finesse, Renounce Religion, Evoke Ratskin


You escaped.
You worshipped Okawaru.
Okawaru was extremely pleased with you.
You were not hungry.

You visited 9 branches of the dungeon, and saw 45 of its levels.
You visited the Abyss 2 times.
You also visited: Bailey and Ice Cave.

You collected 4956 gold pieces.
You spent 897 gold pieces at shops.

Inventory:

Hand Weapons
 w - a +1 morningstar of protection
 C - the +1 broad axe of Feather {venom, rPois rF+++ SInv Stlth-}
   (Okawaru gifted it to you on level 4 of the Abyss)

   It poisons the flesh of those it strikes.
   It renders you almost immune to fire.
   It protects you from poison.
   It lets you see invisible.
   It makes you less stealthy.
 R - a +2 vampiric demon whip
 U - a +9 broad axe of electrocution (weapon)
Missiles
 G - a throwing net (quivered)
 V - 6 javelins of penetration
Armour
 k - a +2 helmet of see invisible (worn)
 l - +2 gold dragon scales (worn)
 m - the +2 pair of gloves of Zunk (worn) {MP+9 Int+3 SInv}
   (You found it on level 2 of the Depths)

   It affects your intelligence (+3).
   It affects your magic capacity (+9).
   It lets you see invisible.
 o - the +2 ratskin cloak (worn) {+Rats rPois rN+ Str-1 Int-1 Dex+1}
   (Okawaru gifted it to you on level 2 of the Orcish Mines)

   It affects your strength (-1).
   It affects your intelligence (-1).
   It affects your dexterity (+1).
   It protects you from poison.
   It protects you from negative energy.
 u - the +0 large shield of Daf Joke (worn) {rPois rN+ Regen+ Str+3}
   (Okawaru gifted it to you on level 5 of the Realm of Zot)

   It affects your strength (+3).
   It protects you from poison.
   It protects you from negative energy.
   It increases your rate of regeneration.
 A - a +2 pair of boots of running (worn)
Jewellery
 a - an amulet of guardian spirit (around neck)
 b - the ring of Undoing {Ice *Drain +Fly rN+++ MP-9}
   (You found it in an ice cave)

   [ring of ice]

   It enhances your ice magic.
   It makes you vulnerable to fire.
   It protects you from cold.
   It renders you almost immune to negative energy.
   It affects your magic capacity (-9).
   It lets you fly.
   It causes draining when unequipped.
 h - an uncursed ring of fire
 z - an uncursed ring of see invisible
 E - the ring "Loimiap" {rElec rN+ Dex+2}
   (You acquired it on level 2 of the Depths)

   [ring of positive energy]

   It affects your dexterity (+2).
   It insulates you from electricity.
   It protects you from negative energy.
 F - the ring of Honesty (left hand) {rF+ Int+5}
   (You found it on level 4 of the Realm of Zot)

   [ring of protection from fire]

   It affects your intelligence (+5).
   It protects you from fire.
 K - an uncursed ring of ice
 L - the ring of Hizoc {rCorr Dex+3}
   (You found it on level 3 of the Lair of Beasts)

   [ring of resist corrosion]

   It affects your dexterity (+3).
 N - the ring "Zueziw" {Fire *Slow MR+++ Str+2 Stlth-}
   (You acquired it on level 3 of the Abyss)

   [ring of fire]

   It enhances your fire magic.
   It affects your strength (+2).
   It protects you from fire.
   It makes you vulnerable to cold.
   It affects your resistance to hostile enchantments.
   It may slow you when you take damage.
   It makes you less stealthy.
 P - a ring of protection from magic (right hand)
 X - an uncursed ring of positive energy
Wands
 n - a wand of flame (104)
 y - a wand of acid (22)
 D - a wand of iceblast (44)
 H - a wand of scattershot (11)
 I - a wand of digging (21)
 Q - a wand of paralysis (18)
 W - a wand of disintegration (52)
Scrolls
 c - 2 scrolls of enchant weapon
 i - 4 scrolls of blinking
 p - a scroll of holy word
 r - a scroll of identify
 s - 21 scrolls of remove curse
 v - 8 scrolls of teleportation
 J - a scroll of magic mapping
 T - 6 scrolls of fear
Potions
 d - a potion of might
 e - 8 potions of lignification
 g - a potion of resistance
 q - 9 potions of curing
 t - 3 potions of haste
 x - 6 potions of agility
 B - 2 potions of ambrosia
 M - a potion of cancellation
 S - a potion of heal wounds
 Y - a potion of mutation
Miscellaneous
 j - a lightning rod (4/4)
 O - a phial of floods
 Z - 2 phantom mirrors
Comestibles
 f - 48 rations


   Skills:
 + Level 21.3 Fighting
 - Level 17.5(18.4) Axes
 - Level 11.4(16.3) Maces & Flails
 - Level 17.5 Armour
 + Level 17.2 Dodging
 - Level 1.5 Stealth
 - Level 18.7 Shields
 - Level 4.1 Spellcasting
 - Level 4.1 Translocations
 - Level 10.0 Invocations
 - Level 8.2 Evocations


You had 30 spell levels left.
You knew the following spells:

 Your Spells              Type           Power        Failure   Level  Hunger
a - Blink                 Tloc           N/A          94%         2    ##.....


Dungeon Overview and Level Annotations

Branches:
Dungeon (15/15)            Temple (1/1) D:6            Lair (6/6) D:10
  Swamp (4/4) Lair:4        Snake (4/4) Lair:3        Slime (0/5) Lair:6
    Orc (2/2) D:12            Elf (3/3) Orc:2        Vaults (0/5) D:14
 Depths (5/5) D:15            Zot (5/5) Depths:5

Altars:
Ashenzari
Cheibriados
Dithmenos
Fedhas
Gozag
Kikubaaqudgha
Okawaru
Qazlal
Ru
Sif Muna
Trog
Vehumet
The Shining One
Beogh
Jiyva

Shops:
D:5 (   D:6 !   D:12 (   Orc:2 *=%?   Elf:3 }   Snake:1 =![?

Portals:
Hell: Depths:2 Depths:3 Depths:4
Abyss: Depths:2 Depths:4
Pandemonium: Depths:1 Depths:3 Depths:4
Ziggurat: Depths:2

Annotations:
D:12 1 exclusion
Depths:2 4 runed doors


Innate Abilities, Weirdness & Mutations

You are resistant to torment.
Your stone body is resilient. (AC +19)
You are immune to poison.
Your large and strong wings let you fly indefinitely.
You resist negative energy. (rN+)
You are resistant to electric shocks. (rElec)
You can survive without breathing.
You are immune to petrification.
You are immune to rotting.
You have sharp toenails.
You are agile. (Dex +2)
You tend to lose your temper in combat.
Your body sometimes deteriorates upon taking damage.
You occasionally shout uncontrollably at your foes.
You are occasionally teleported next to monsters.
You are weak. (Str -2)


Message History

The bolt of cold hits the plant.
The bolt of cold hits you! You block the quasit's attack. x3
You completely miss the quasit. You slash the plant!
Lightning courses through the plant!
You destroy the plant!
You block the quasit's attack. x3
You completely miss the quasit. You block the quasit's attack.
The quasit claws you but does no damage.
The quasit barely misses you.
You slash the quasit!
You kill the quasit!
Okawaru accepts your kill. The Ice Fiend gestures at you.
The bolt of cold hits you! You resist.
There is a staircase leading out of the dungeon here.
The Ice Fiend gestures at you. The bolt of cold hits you! You resist.
Your body deteriorates!
You feel clumsy.
The bolt of cold hits the plant.
You have escaped!

#...##......##.PPPPPPPPPPPPPPP...
#...+.......##.PPPPPPPPPPPPPPP...
#...##......##.PPPPP((.(.PPPPP...
#...##......##.PPP..PPPPP..PPP...
#.####......##.PP.PPP...PPP.PP...
#.# #......##.PP.PP.PPP.PP.PP...
#.####......##.P.PP.PP.PP.PP.P...
#...........##.P.P.PP.P.PP.P.P.#'
#.....##'#####.P@..P.PPP.P.P...#.
#.....##.#####.P...PP.P.PP...P.#.
#.....##.......P...1PP.PP..P.P.#.
+.....########.PP.PP.PPP.PP.PP.#.
#.)...# #.PP.PPP...PPP.PP.#.
......#


#.PPP..PPPPP..PPP.#. ......# #.PPPPP.....PPPPP.#. ......### #.PPPPPPPPPPPPPPP.#.
........# #.PPPPPPPPPPPPPPP.#. You could see an Ice Fiend.

Vanquished Creatures
  5 orbs of fire
  4 ancient liches
  Sojobo (Depths:2)
  Saint Roka (Snake:3)
  A curse toe (Zot:2)
  2 Killer Klowns (Zot:5)
  A golden dragon (Depths:5)
  the Enchantress (Depths:3)
  A bone dragon (Depths:5)
  3 electric golems (Zot:5)
  3 tentacled monstrosities
  4 deep elf blademasters
  3 liches
  26 Orb Guardians
  A quicksilver dragon (Zot:5)
  A sphinx (Depths:3)
  2 titans (Depths:2)
  2 death cobs
  7 tentacled starspawn
  3 thorn hunters
  5 storm dragons
  6 tengu reavers
  14 draconian monks
  6 nagarajas
  An azure jelly (Swamp:4)
  5 fire giants
  4 frost giants
  Louise (Snake:2)
  A draconian scorcher (Zot:5)
  3 draconian knights
  2 ghost moths
  2 juggernaut zombies (Depths:4)
  Aizul (Snake:3)
  A balrug (Abyss:4)
  2 iron dragons (Zot:4)
  2 deep elf sorcerers
  A cacodemon (Abyss:3)
  An emperor scorpion (Depths:3)
  4 draconian annihilators
  2 draconian shifters
  4 spriggan defenders (Depths:3)
  A reaper (Abyss:3)
  2 deep elf elementalists (Elf:3)
  11 stone giants
  The ghost of shakethe the Cleaver, a journeyman DsGl of Makhleb (Lair:5)
  A vampire knight (Depths:5)
  10 very ugly things
  6 caustic shrike skeletons (Depths:3)
  2 dire elephants
  3 green draconians
  7 black draconians
  5 deep elf annihilators (Elf:3)
  2 deep elf demonologists (Elf:3)
  7 yellow draconians
  A spark wasp (Depths:5)
  5 purple draconians
  12 red draconians
  Azrael (Snake:2)
  2 merfolk javelineers (Depths:1)
  8 white draconians
  5 ettins
  4 deep elf death magi
  Snorg (Lair:5)
  10 fire dragons
  2 deep elf high priests
  3 yaktaur captains
  16 ice dragons
  The ghost of wotfoxis the Cleaver, a journeyman HOFi of Beogh (Lair:1)
  4 great orbs of eyes
  2 ghost crabs
  16 hydras
  The ghost of Quirk the Blocker, a journeyman GnFi of Ashenzari (D:11)
  18 naga warriors
  7 rakshasas
  A vault guard (D:14)
  8 spriggan air magi
  A juggernaut simulacrum (Depths:4)
  The ghost of Serooblart the Fighter, a novice MiBe of Trog (D:8)
  5 centaur warriors
  15 anacondas
  9 alligators
  8 ogre magi
  3 hell hogs (Abyss:3)
  2 vampire magi
  3 tengu warriors
  28 dancing weapons
  9 deep troll earth magi
  3 satyrs
  26 two-headed ogres
  3 deep troll shamans
  The ghost of tidbits the Martial Artist, a novice GnTm of Cheibriados (Snake:2)
  10 death yaks
  8 naga sharpshooters
  8 thrashing horrors
  An orc high priest (Orc:1)
  8 spriggan berserkers
  12 deep elf knights
  A titan skeleton (Depths:4)
  Sonja (D:12)
  4 soul eaters
  8 shock serpents
  A storm dragon skeleton (Depths:4)
  7 wretched stars
  2 iron trolls (Depths:2)
  3 golden dragon zombies
  4 sixfirhies
  7 salamander mystics
  A death drake (Abyss:4)
  3 shambling mangroves
  9 naga ritualists (Snake:4)
  15 deep trolls
  A glowing orange brain (shapeshifter) (D:15)
  3 flayed ghosts
  2 swamp dragons (shapeshifter)
  A wizard (D:15)
  3 glowing orange brains
  4 unseen horrors
  An anaconda skeleton (Abyss:4)
  6 deep elf archers
  8 spriggan druids
  A swamp dragon (Swamp:3)
  A golden dragon skeleton (Depths:4)
  3 orc knights
  A wolf spider zombie (D:14)
  4 lindwurms (Snake:4)
  2 harpies (shapeshifter) (D:15)
  2 shadow dragon skeletons
  3 tengu skeletons (Depths:4)
  10 necromancers
  2 orc sorcerers
  8 mana vipers
  A fire giant zombie (Depths:4)
  An iron dragon zombie (Depths:2)
  13 ugly things
  38 deep elf magi
  A salamander (shapeshifter) (Elf:3)
  5 worldbinders (Abyss:5)
  An orb spider (shapeshifter) (Abyss:5)
  2 manticores
  9 moths of wrath
  An iron dragon skeleton (Depths:4)
  9 salamanders
  4 cyclopes
  A frost giant skeleton (Depths:2)
  A stone giant zombie (Depths:2)
  19 elephants
  27 black mambas
  3 centaur zombies
  An ice statue (IceCv)
  12 guardian serpents
  3 elf zombies (Depths:4)
  17 naga magi
  2 rust devils
  A guardian serpent (shapeshifter) (Depths:2)
  Psyche (D:10)
  4 smoke demons
  31 spiny frogs
  2 molten gargoyles (Lair:5)
  2 water nymphs (Abyss:5)
  A kobold demonologist (D:15)
  The ghost of letownia2 the Spear-Bearer, a novice MfGl of Ru (D:6)
  A torpor snail (Lair:6)
  12 yaktaurs
  An efreet (Abyss:5)
  14 komodo dragons
  15 freezing wraiths
  A rime drake (Lair:4)
  2 ice devils (Orc:2)
  2 hellwings
  7 ancient zymes
  A red devil (Abyss:4)
  A golden dragon simulacrum (Depths:4)
  4 trolls
  2 meliai (Lair:6)
  4 tengu conjurers
  32 hornets
  A queen bee (Lair:6)
  A tengu simulacrum (Depths:4)
  3 elf skeletons (Depths:4)
  10 polar bears
  11 tyrant leeches
  2 wolf spider simulacra (IceCv)
  2 shadow dragon simulacra (Depths:4)
  24 blink frogs
  22 raiju
  8 bog bodies
  24 slime creatures
  4 hippogriffs (shapeshifter)
  A hornet (shapeshifter) (Depths:2)
  5 hippogriffs
  20 large abominations
  A fire giant simulacrum (Depths:4)
  49 spriggans
  A flying skull (Abyss:3)
  5 wraiths
  3 wyverns
  13 air elementals
  4 ynoxinuls
  A wyvern (shapeshifter) (Elf:2)
  A shadow (D:11)
  3 fire elementals
  13 water elementals
  45 yaks
  A fire bat (Abyss:3)
  5 chaos spawn
  2 basilisks
  4 neqoxecs
  3 hungry ghosts
  7 vampire mosquitoes
  3 swamp worm simulacra (Swamp:4)
  17 insubstantial wisps
  A warg (Snake:3)
  34 nagas
  13 swamp worms
  9 water moccasins
  14 hydra simulacra (Swamp:4)
  8 hell hounds
  A soldier ant (D:12)
  A human skeleton (Depths:2)
  8 swamp drakes
  10 porcupines
  24 orc warriors
  13 ice beasts
  4 sky beasts
  A spiny frog skeleton (Abyss:3)
  A sky beast (shapeshifter) (Depths:5)
  An eye of draining (shapeshifter) (Depths:2)
  2 phantoms
  A tengu (shapeshifter) (D:14)
  An ice dragon simulacrum (Abyss:4)
  2 necrophages
  3 eyes of draining
  3 black bears (D:10)
  33 ogres
  11 wolves
  12 centaurs
  3 boggarts (Depths:3)
  12 crocodiles
  A big kobold (shapeshifter) (Depths:1)
  Blork the orc (D:6)
  4 big kobolds
  An earth elemental (Elf:1)
  30 bullfrogs
  10 small abominations
  A wyvern zombie (D:13)
  5 scorpions
  A wyvern skeleton (D:6)
  33 killer bees
  An elephant simulacrum (IceCv)
  13 wights
  2 electric eels
  2 howler monkeys
  10 crimson imps
  5 lava snakes (Lair:5)
  6 bullfrog skeletons
  2 quasits
  3 jellies
  A wyvern simulacrum (D:10)
  18 starcursed masses
  2 bullfrog zombies (D:13)
  5 draconian simulacra (IceCv)
  10 hounds
  8 orc priests
  4 centaur skeletons
  16 orc wizards
  An iguana (D:4)
  12 worker ants
  4 spriggan simulacra
  4 troll simulacra (IceCv)
  A polar bear simulacrum (IceCv)
  2 centaur simulacra (IceCv)
  3 hound skeletons
  A hound zombie (D:10)
  7 gnolls
  5 naga simulacra (IceCv)
  7 adders
  2 ogre simulacra (IceCv)
  6 shadow imps
  16 white imps
  A worker ant simulacrum (D:10)
  5 ufetubi
  An ooze (D:1)
  5 swamp drake simulacra (Swamp:4)
  A worm (D:2)
  A dart slug (D:2)
  4 leopard geckos
  91 orcs
  4 giant cockroaches
  8 goblins
  A hobgoblin (D:2)
  26 kobolds
  8 bats
  A frilled lizard (D:1)
  A jackal zombie (D:5)
  4 rats
  A briar patch (Swamp:2)
  A bush (Depths:3)
  A crawling corpse (Elf:1)
  6 plants
  10 starspawn tentacles
1927 creatures vanquished.

Vanquished Creatures (collateral kills)
  An Orb Guardian (Zot:5)
  A two-headed ogre (Orc:2)
2 creatures vanquished.

Vanquished Creatures (others)
  A draconian monk (Zot:1)
  A deep elf elementalist (Elf:1)
  A spark wasp (Depths:5)
  A spriggan air mage (Depths:4)
  2 dancing weapons (Elf:1)
  An alligator (Swamp:4)
  A spriggan druid (Depths:3)
  A spiny frog (Swamp:2)
  A hornet (Swamp:4)
  A hippogriff (D:9)
  2 spriggans (Swamp:4)
  A yak (Depths:3)
  2 insubstantial wisps (Swamp:4)
  A boggart (Depths:3)
  An orc wizard (D:9)
  A shadow imp (D:9)
  2 orcs
  2 bushes
  A demonic plant (Abyss:4)
  23 fungi
  2 lurking horrors
  78 plants
  17 starspawn tentacles
144 creatures vanquished.

Grand Total: 2073 creatures vanquished

Notes
Turn   | Place    | Note
-------+----------+-------------------------------------------
     0 | D:1      | Reldio the Gargoyle Fighter began the quest for the Orb.
     0 | D:1      | Reached XP level 1. HP: 14/14 MP: 1/1
   142 | D:1      | Reached XP level 2. HP: 18/19 MP: 2/2
   822 | D:2      | Reached XP level 3. HP: 23/24 MP: 3/3
   927 | D:2      | Found an iron altar of Okawaru.
   953 | D:2      | Became a worshipper of Warmaster Okawaru
  1207 | D:2      | Found a faded altar of an unknown god.
  1329 | D:3      | Reached XP level 4. HP: 20/29 MP: 4/4
  1889 | D:3      | Reached XP level 5. HP: 33/33 MP: 5/5
  2129 | D:4      | Reached skill level 4 in Fighting
  2240 | D:4      | Reached * piety under Okawaru
  2243 | D:4      | Reached XP level 6. HP: 27/38 MP: 6/6
  2653 | D:4      | Found an iron altar of Okawaru.
  2776 | D:5      | Entered Level 5 of the Dungeon
  2801 | D:5      | Found Ukodor's Weapon Emporium.
  3135 | D:5      | Reached skill level 5 in Maces & Flails
  3135 | D:5      | Reached XP level 7. HP: 38/43 MP: 7/7
  3377 | D:6      | Found a staircase to the Ecumenical Temple.
  3377 | D:6      | Noticed Blork the orc
  3394 | D:6      | Reached skill level 5 in Armour
  3400 | D:6      | Killed Blork the orc
  3400 | D:6      | Reached skill level 5 in Shields
  3409 | Temple   | Entered the Ecumenical Temple
  3480 | D:6      | Reached ** piety under Okawaru
  3527 | D:6      | Noticed letownia2's ghost (novice MfGl)
  3556 | D:6      | Killed letownia2's ghost
  3556 | D:6      | Reached *** piety under Okawaru
  3556 | D:6      | Reached XP level 8. HP: 36/48 MP: 8/8
  3829 | D:6      | Reached skill level 5 in Fighting
  3908 | D:6      | Found a deep blue altar of Sif Muna.
  4124 | D:6      | Found Ibloal's Distillery.
  4127 | D:6      | Bought a potion of curing for 39 gold pieces
  4127 | D:6      | Bought a potion of haste for 130 gold pieces
  4137 | D:6      | You fall through a shaft for 3 floors!
  4187 | D:8      | Reached **** piety under Okawaru
  4246 | D:8      | Received a gift from Okawaru
  4246 | D:8      | Reached skill level 1 in Invocations
  4246 | D:8      | Reached XP level 9. HP: 55/55 MP: 9/9
  4258 | D:8      | Reached skill level 6 in Fighting
  4271 | D:8      | Noticed Serooblart's ghost (novice MiBe)
  4340 | D:8      | Killed Serooblart's ghost
  4340 | D:8      | Reached skill level 7 in Fighting
  4347 | D:8      | Reached ***** piety under Okawaru
  5056 | D:7      | Reached skill level 1 in Evocations
  5503 | D:7      | Received a gift from Okawaru
  5507 | D:7      | Reached XP level 10. HP: 51/64 MP: 10/12
  5560 | D:7      | Found a sacrificial altar of Ru.
  5802 | D:8      | Reached skill level 8 in Fighting
  5806 | D:8      | Found a bloodstained altar of Trog.
  5969 | D:8      | Found an opulent altar of Gozag.
  6026 | D:9      | Found a radiant altar of Vehumet.
  6500 | D:9      | Got a heavily runed ring mail
  6511 | D:9      | Identified the +5 ring mail of Temperance {rElec rF+ Stlth+} (You found it on level 9 of the Dungeon)
  6579 | D:9      | Found a blossoming altar of Fedhas.
  6972 | D:10     | Entered Level 10 of the Dungeon
  7077 | D:10     | Found a staircase to the Lair.
  7125 | D:10     | Reached skill level 5 in Invocations
  7393 | D:10     | Noticed a two-headed ogre
  7403 | D:10     | Killed a two-headed ogre
  7409 | D:10     | Reached XP level 11. HP: 61/69 MP: 14/14
  7656 | D:10     | Found a shattered altar of Ashenzari.
  7748 | D:10     | Noticed Psyche
  7794 | D:10     | Killed Psyche
  7794 | D:10     | Received a gift from Okawaru
  7801 | D:10     | Identified a +2 pair of boots of running (Okawaru gifted it to you on level 10 of the Dungeon)
  8030 | D:10     | Noticed a deep elf mage
  8042 | D:10     | Killed a deep elf mage
  8046 | D:10     | Reached skill level 9 in Fighting
  8182 | Lair:1   | Entered Level 1 of the Lair of Beasts
  8202 | Lair:1   | Noticed wotfoxis's ghost (journeyman HOFi)
  8333 | Lair:1   | Reached skill level 1 in Dodging
  8529 | Lair:1   | Noticed a four-headed hydra
  8552 | Lair:1   | Killed a four-headed hydra
  8979 | Lair:1   | Killed wotfoxis's ghost
  8979 | Lair:1   | Reached skill level 5 in Dodging
  9415 | Lair:2   | Reached XP level 12. HP: 38/76 MP: 15/15
 10679 | Lair:3   | Noticed a four-headed hydra
 10701 | Lair:3   | Killed a four-headed hydra
 10773 | Lair:3   | Noticed an eight-headed hydra
 10930 | Lair:3   | Killed an eight-headed hydra
 11026 | Lair:3   | Found a staircase to the Snake Pit.
 11095 | Lair:3   | Reached skill level 10 in Dodging
 11266 | Lair:3   | Got a vibrating bronze ring
 11269 | Lair:3   | Identified the ring of Hizoc {rCorr Dex+3} (You found it on level 3 of the Lair of Beasts)
 11464 | Lair:4   | Reached ****** piety under Okawaru
 11464 | Lair:4   | Received a gift from Okawaru
 11645 | Lair:4   | Reached XP level 13. HP: 68/80 MP: 16/16
 11824 | Lair:4   | Found a staircase to the Swamp.
 12363 | Lair:4   | Reached skill level 10 in Maces & Flails
 12815 | Lair:5   | Noticed shakethe's ghost (journeyman DsGl)
 12904 | Lair:5   | Killed shakethe's ghost
 12969 | Lair:5   | Reached skill level 10 in Fighting
 13009 | Lair:5   | Reached skill level 10 in Shields
 13024 | Lair:5   | Received a gift from Okawaru
 13842 | Lair:5   | Received a gift from Okawaru
 13843 | Lair:5   | Got a crude ring mail {god gift}
 13854 | Lair:5   | Identified the +1 ring mail of Negligence {Dex+6} (Okawaru gifted it to you on level 5 of the Lair of Beasts)
 13968 | Lair:5   | Gained mutation: Your large and strong wings let you fly indefinitely. [Gargoyle growth]
 13968 | Lair:5   | Reached XP level 14. HP: 58/88 MP: 17/17
 14312 | Lair:5   | Reached skill level 1 in Spellcasting
 14642 | Lair:6   | Entered Level 6 of the Lair of Beasts
 14657 | Lair:6   | Noticed Snorg
 14697 | Lair:5   | Killed Snorg
 14733 | Lair:6   | Found a viscous altar of Jiyva.
 14735 | Lair:6   | Found a staircase to the Slime Pits.
 14766 | Lair:6   | Reached skill level 11 in Fighting
 15072 | Lair:6   | Reached skill level 10 in Armour
 15878 | Lair:6   | Reached skill level 12 in Fighting
 15922 | Lair:6   | Received a gift from Okawaru
 16034 | Lair:6   | Reached skill level 1 in Axes
 16175 | Lair:6   | Got a shimmering buckler
 16282 | Lair:6   | Identified the +2 buckler of Dogma {rPois} (You took it off a meliai on level 6 of the Lair of Beasts)
 16852 | Lair:6   | Learned a level 2 spell: Blink
 17125 | D:11     | Received a gift from Okawaru
 17127 | D:11     | Reached skill level 5 in Axes
 17149 | D:11     | Noticed Quirk's ghost (journeyman GnFi)
 17163 | D:11     | Killed Quirk's ghost
 17303 | D:11     | Reached skill level 1 in Translocations
 17748 | D:12     | Noticed Sonja
 17772 | D:12     | Killed Sonja
 17772 | D:12     | Reached XP level 15. HP: 96/96 MP: 21/21
 17987 | D:12     | Found Ruwepecite's Antique Weapon Boutique.
 18055 | D:12     | Found a staircase to the Orcish Mines.
 19030 | Orc:1    | Entered Level 1 of the Orcish Mines
 19112 | Orc:2    | Entered Level 2 of the Orcish Mines
 19130 | Orc:2    | Found a roughly hewn altar of Beogh.
 19172 | Orc:2    | Found a staircase to the Elven Halls.
 19323 | Orc:2    | Found a frozen archway.
 19382 | IceCv    | Entered an ice cave
 20126 | IceCv    | Got a vibrating silver ring
 20129 | IceCv    | Identified the ring of Undoing {Ice *Drain +Fly rN+++ MP-9} (You found it in an ice cave)
 20143 | IceCv    | Got a pair of encrusted gloves
 20154 | IceCv    | Identified the +0 pair of gloves of Agoraphobia {rPois} (You found it in an ice cave)
 20241 | IceCv    | Found an ancient bone altar of Kikubaaqudgha.
 20688 | Orc:2    | Found Ithri's Jewellery Boutique.
 20715 | Orc:2    | Received a gift from Okawaru
 20716 | Orc:2    | Found the +2 ratskin cloak {+Rats rPois rN+ Str-1 Int-1 Dex+1}
 20725 | Orc:2    | Reached skill level 13 in Fighting
 20837 | Orc:2    | Reached skill level 5 in Evocations
 20906 | Orc:2    | Found Gaucrip's General Store.
 20907 | Orc:2    | Found Feguoj's Food Boutique.
 20907 | Orc:2    | Found Faocineu's Magic Scroll Emporium.
 20930 | Orc:2    | Bought a scroll of enchant weapon for 90 gold pieces
 20932 | Orc:2    | Bought a scroll of teleportation for 36 gold pieces
 20935 | Orc:2    | Bought a scroll of silence for 97 gold pieces
 21256 | Orc:1    | Found a roughly hewn altar of Beogh.
 22055 | D:13     | Received a gift from Okawaru
 22364 | D:14     | Reached XP level 16. HP: 104/104 MP: 22/22
 22391 | D:14     | Found a flagged portal.
 22397 | Bailey   | Entered a bailey
 22859 | D:14     | Found a gate to the Vaults.
 23377 | D:14     | Found a glowing golden altar of the Shining One.
 23587 | D:15     | Entered Level 15 of the Dungeon
 23976 | D:15     | Reached skill level 10 in Axes
 24024 | D:15     | Found a staircase to the Depths.
 24338 | D:15     | Paralysed by a wizard for 3 turns
 24694 | Snake:1  | Entered Level 1 of the Snake Pit
 24700 | Snake:1  | Received a gift from Okawaru
 24746 | Snake:1  | Got a twisted helmet {god gift}
 24752 | Snake:1  | Identified the +0 helmet of Mocvittou {Dex+4} (Okawaru gifted it to you on level 1 of the Snake Pit)
 25166 | Snake:1  | Found Bushred's Magic Scroll Shoppe.
 25166 | Snake:1  | Found Oddip's Jewellery Emporium.
 25168 | Snake:1  | Found Riba Gai's Distillery.
 25169 | Snake:1  | Found Mutip's Antique Armour Shoppe.
 26116 | Snake:2  | Noticed Louise
 26256 | Snake:2  | Killed Louise
 26367 | Snake:2  | Noticed Azrael
 26391 | Snake:2  | Noticed tidbits's ghost (novice GnTm)
 26425 | Snake:2  | Killed Azrael
 26507 | Snake:2  | Killed tidbits's ghost
 26730 | Snake:2  | Identified a scroll of acquirement
 26733 | Snake:2  | Got an ichor-stained ring mail
 26745 | Snake:2  | Identified the +3 ring mail of the Game of Kings {+Blink Str-2 SInv} (You acquired it on level 2 of the Snake Pit)
 26890 | Snake:2  | Reached XP level 17. HP: 65/109 MP: 11/23
 27188 | Snake:2  | Received a gift from Okawaru
 27298 | Snake:3  | Noticed Saint Roka
 27419 | Snake:3  | Killed Saint Roka
 28167 | Snake:3  | Noticed Aizul
 28185 | Snake:3  | Killed Aizul
 28446 | Snake:4  | Entered Level 4 of the Snake Pit
 28904 | Snake:4  | Received a gift from Okawaru
 29899 | Snake:4  | Reached XP level 18. HP: 91/115 MP: 14/24
 30293 | Snake:4  | Received a gift from Okawaru
 30620 | Snake:4  | Got a serpentine rune of Zot
 30880 | Swamp:1  | Entered Level 1 of the Swamp
 31302 | Swamp:1  | Received a gift from Okawaru
 31539 | Swamp:1  | Identified the +7 hunting sling of Aceowir {flame, rF+ rC+ rN+ Str+3} (You found it on level 1 of the Swamp)
 31699 | Swamp:2  | Reached skill level 15 in Axes
 33135 | Swamp:4  | Entered Level 4 of the Swamp
 33312 | Swamp:4  | Reached XP level 19. HP: 111/120 MP: 22/25
 34023 | Swamp:4  | Got a decaying rune of Zot
 34345 | Elf:1    | Entered Level 1 of the Elven Halls
 34697 | Elf:1    | Received a gift from Okawaru
 36421 | Elf:2    | Found a huge runed gate.
 36422 | Elf:2    | Found a huge runed gate.
 36424 | Elf:2    | Found a huge runed gate.
 36424 | Elf:2    | Found a huge runed gate.
 36424 | Elf:2    | Found a huge runed gate.
 36664 | Elf:2    | Received a gift from Okawaru
 36669 | Elf:2    | Identified the +0 shield of Ofoekhurr {Int+5} (Okawaru gifted it to you on level 2 of the Elven Halls)
 36958 | Elf:3    | Entered Level 3 of the Elven Halls
 36958 | Elf:3    | Found Rel Zec's Gadget Shoppe.
 37337 | Elf:3    | Cast into level 2 of the Abyss (a deep elf sorcerer)
 37683 | Abyss:3  | Noticed a bone dragon
 37927 | Abyss:4  | Reached XP level 20. HP: 94/125 MP: 23/26
 37958 | Abyss:4  | Paralysed by accursed screaming for 1 turns
 38135 | Elf:3    | Escaped the Abyss
 38141 | Elf:3    | Reached skill level 15 in Armour
 38300 | Elf:3    | Received a gift from Okawaru
 38365 | Elf:3    | Cast into level 2 of the Abyss (a deep elf demonologist)
 38381 | Abyss:3  | Found a corrupted altar of Lugonu.
 38383 | Abyss:3  | Found a corrupted altar of Lugonu.
 38424 | Abyss:3  | Found a corrupted altar of Lugonu.
 38577 | Abyss:3  | Noticed a bone dragon
 38844 | Abyss:3  | Got a bound marble ring
 38845 | Abyss:3  | Identified the ring "Zueziw" {Fire *Slow MR+++ Str+2 Stlth-} (You acquired it on level 3 of the Abyss)
 38900 | Abyss:3  | Reached skill level 15 in Shields
 38956 | Abyss:3  | Received a gift from Okawaru
 39029 | Abyss:3  | Gained mutation: Scrolls take you a little longer to read. [a cacodemon]
 39033 | Abyss:3  | Gained mutation: You are covered in fur. (AC +1) [a cacodemon]
 39353 | Abyss:4  | Paralysed by accursed screaming for 1 turns
 39363 | Abyss:4  | Paralysed by accursed screaming for 2 turns
 39507 | Abyss:4  | Lost mutation: Scrolls take you a little longer to read. [potion of mutation]
 39507 | Abyss:4  | Lost mutation: You are covered in fur. (AC +1) [potion of mutation]
 39507 | Abyss:4  | Gained mutation: You are dopey. (Int -2) [potion of mutation]
 39507 | Abyss:4  | Gained mutation: You are partially covered in large bone plates. (SH +4) [potion of mutation]
 39507 | Abyss:4  | Gained mutation: You are weak. (Str -2) [potion of mutation]
 39507 | Abyss:4  | Lost mutation: You are dopey. (Int -2) [potion of mutation]
 39767 | Abyss:4  | Gained mutation: Scrolls take you a little longer to read. [a neqoxec]
 39811 | Abyss:4  | Lost mutation: Scrolls take you a little longer to read. [potion of mutation]
 39811 | Abyss:4  | Lost mutation: You are weak. (Str -2) [potion of mutation]
 39811 | Abyss:4  | Lost mutation: You are partially covered in large bone plates. (SH +4) [potion of mutation]
 39811 | Abyss:4  | Gained mutation: You have sharp toenails. [potion of mutation]
 39811 | Abyss:4  | Gained mutation: You are agile. (Dex +2) [potion of mutation]
 39985 | Abyss:4  | Received a gift from Okawaru
 39988 | Abyss:4  | Got a twisted broad axe {god gift}
 40009 | Abyss:5  | Entered Level 5 of the Abyss
 40010 | Abyss:5  | Identified the +1 broad axe of Feather {venom, rPois rF+++ SInv Stlth-} (Okawaru gifted it to you on level 4 of the Abyss)
 40106 | Abyss:5  | Reached XP level 21. HP: 72/130 MP: 8/27
 40224 | Abyss:5  | Got an abyssal rune of Zot
 40230 | Abyss:5  | Noticed a bone dragon
 40234 | Elf:3    | Escaped the Abyss
 41017 | Depths:1 | Entered Level 1 of the Depths
 41310 | Depths:1 | Received a gift from Okawaru
 41324 | Depths:1 | Identified the +4 scale mail "Nuxkaeju" {Int+2} (Okawaru gifted it to you on level 1 of the Depths)
 41939 | Depths:1 | Found a one-way gate leading to the halls of Pandemonium.
 42017 | Depths:1 | Noticed Mara
 42164 | Depths:2 | Found a gateway to a ziggurat.
 42418 | Depths:2 | Found a one-way gate to the infinite horrors of the Abyss.
 42435 | Depths:2 | Noticed Sojobo
 42468 | Depths:2 | Killed Sojobo
 42557 | Depths:2 | Received a gift from Okawaru
 42609 | Depths:2 | Received a gift from Okawaru
 42655 | Depths:2 | Identified the +1 fire dragon scales of Hide-and-Seek {rF++ rC- rCorr Str+4} (Okawaru gifted it to you on level 2 of the Depths)
 42660 | Depths:2 | Reached XP level 22. HP: 63/136 MP: 15/28
 42895 | Depths:2 | Found a blossoming altar of Fedhas.
 42910 | Depths:2 | Reached skill level 14 in Fighting
 42918 | Depths:2 | Found a runed door.
 42920 | Depths:2 | Found a runed door.
 42921 | Depths:2 | Found a runed door.
 42929 | Depths:2 | Found a runed door.
 42958 | Depths:2 | Reached skill level 1 in Stealth
 43372 | Depths:2 | Found a gateway to Hell.
 43669 | Depths:2 | Identified the +2 pair of gloves of Zunk {MP+9 Int+3 SInv} (You found it on level 2 of the Depths)
 43687 | Depths:2 | Got an ancient glass ring
 43688 | Depths:2 | Identified the ring "Loimiap" {rElec rN+ Dex+2} (You acquired it on level 2 of the Depths)
 43861 | Depths:3 | Reached skill level 15 in Fighting
 44561 | Depths:3 | Received a gift from Okawaru
 44644 | Depths:3 | Noticed the Enchantress
 44674 | Depths:3 | Killed the Enchantress
 44754 | Depths:3 | Reached skill level 16 in Fighting
 45288 | Depths:3 | Found a bloodstained altar of Trog.
 46319 | Depths:4 | Found an ancient bone altar of Kikubaaqudgha.
 46319 | Depths:4 | Noticed an ancient lich
 46331 | Depths:4 | Received a gift from Okawaru
 46331 | Depths:4 | Reached XP level 23. HP: 140/148 MP: 29/29
 46335 | Depths:4 | Killed an ancient lich
 47123 | Depths:4 | Reached skill level 17 in Fighting
 47216 | Depths:5 | Entered Level 5 of the Depths
 47302 | Depths:5 | Noticed a golden dragon
 47340 | Depths:5 | Killed a golden dragon
 47463 | Depths:5 | Received a gift from Okawaru
 48212 | Orc:2    | Bought a potion of haste for 130 gold pieces
 48215 | Orc:2    | Bought an uncursed ring of fire for 375 gold pieces
 48503 | Depths:5 | Received a gift from Okawaru
 48570 | Depths:5 | Found a gate to the Realm of Zot.
 48685 | Zot:1    | Entered Level 1 of the Realm of Zot
 49172 | Zot:2    | Noticed a curse toe
 49231 | Zot:2    | Killed a curse toe
 49239 | Zot:1    | Reached skill level 18 in Fighting
 49672 | Zot:1    | Reached XP level 24. HP: 41/157 MP: 13/29
 50560 | Zot:3    | Received a gift from Okawaru
 50560 | Zot:3    | Reached skill level 10 in Invocations
 50806 | Zot:4    | Noticed an ancient lich
 51237 | Zot:4    | Identified the ring "Hewupa Ibucu" {Fire rElec Int+4} (You took it off a draconian monk on level 4 of the Realm of Zot)
 51273 | Zot:4    | Killed an ancient lich
 51273 | Zot:4    | Reached skill level 15 in Dodging
 51288 | Zot:4    | Noticed an orb of fire
 51303 | Zot:4    | Received a gift from Okawaru
 51308 | Zot:4    | Killed an orb of fire
 51542 | Zot:4    | Found a stormy altar of Qazlal.
 51568 | Zot:4    | Got a vibrating silver ring
 51572 | Zot:4    | Identified the ring of Honesty {rF+ Int+5} (You found it on level 4 of the Realm of Zot)
 51582 | Zot:5    | Entered Level 5 of the Realm of Zot
 51647 | Zot:5    | Reached skill level 19 in Fighting
 52900 | Zot:5    | Noticed an ancient lich
 52923 | Zot:5    | Killed an ancient lich
 53652 | Zot:5    | Reached XP level 25. HP: 168/168 MP: 30/30
 54576 | Zot:5    | Noticed an ancient lich
 54603 | Zot:5    | Killed an ancient lich
 54603 | Zot:5    | Received a gift from Okawaru
 54606 | Zot:5    | Identified the +0 large shield of Daf Joke {rPois rN+ Regen+ Str+3} (Okawaru gifted it to you on level 5 of the Realm of Zot)
 54791 | Zot:5    | Noticed a Killer Klown
 54791 | Zot:5    | Noticed an ancient lich
 54792 | Zot:5    | Noticed an orb of fire
 54798 | Zot:5    | Noticed an orb of fire
 54807 | Zot:5    | Gained mutation: You occasionally shout uncontrollably at your foes. [an orb of fire]
 54809 | Zot:5    | Noticed a Killer Klown
 54818 | Zot:5    | Noticed an orb of fire
 54834 | Zot:5    | Gained mutation: You tend to lose your temper in combat. [an orb of fire]
 54837 | Zot:5    | Reached skill level 20 in Fighting
 54842 | Zot:5    | Killed an orb of fire
 54993 | Zot:5    | Killed an orb of fire
 55226 | Zot:5    | Gained mutation: You are occasionally teleported next to monsters. [an orb of fire]
 55242 | Zot:5    | Gained mutation: Your body sometimes deteriorates upon taking damage. [an orb of fire]
 55246 | Zot:5    | Killed an orb of fire
 55355 | Zot:5    | Killed a Killer Klown
 55481 | Zot:5    | Noticed an orb of fire
 55481 | Zot:5    | Gained mutation: You are weak. (Str -2) [an orb of fire]
 55493 | Zot:5    | Killed an orb of fire
 55493 | Zot:5    | Reached skill level 21 in Fighting
 55511 | Zot:5    | Killed a Killer Klown
 55578 | Zot:5    | Received a gift from Okawaru
 55687 | Zot:5    | Got the Orb of Zot
 56448 | D:$      | Escaped with the Orb!

Skill      XL: |  1  2  3  4  5  6  7  8  9 10 11 12 13 14 15 16 17 18 19 20 21 22 23 24 25 |
---------------+----------------------------------------------------------------------------+-----
Maces & Flails | 3 4 5 6 7 8 9 11 | 11.4
Armour         | 4 5 6 7 8 9 10 13 14 16 17 | 17.5
Shields        | 4 5 7 8 9 10 12 13 16 18 | 18.7
Fighting       | 4 5 7 8 9 10 12 13 16 18 19 21 | 21.3
Invocations    | 1 2 5 7 8 10 | 10.0
Evocations     | 1 4 5 6 8 |  8.2
Dodging        | 6 10 11 13 14 15 17 | 17.2
Spellcasting   | 4 |  4.1
Axes           | 5 8 10 13 16 17 | 17.5
Translocations | 2 4 |  4.1
Stealth        | 1 |  1.5

Action                   |  1- 3 |  4- 6 |  7- 9 | 10-12 | 13-15 | 16-18 | 19-21 | 22-24 | 25-27 || total
-------------------------+-------+-------+-------+-------+-------+-------+-------+-------+-------++-------
Melee: Flail             |    66 |       |       |       |       |       |       |       |       ||    66
       Mace              |    18 |   116 |   352 |     4 |       |       |       |       |       ||   490
       Morningstar       |       |       |       |   958 |  1048 |    39 |       |       |       ||  2045
       Broad axe         |       |       |       |       |   714 |  1452 |  1743 |  1741 |   393 ||  6043
Invok: Heroism           |       |       |     5 |     9 |    17 |     6 |     9 |    23 |     9 ||    78
       Finesse           |       |       |       |     6 |     9 |     5 |     5 |    13 |     7 ||    45
 Abil: Stop Flying       |       |       |       |       |     1 |     4 |     5 |     2 |       ||    12
       Fly               |       |       |       |       |     1 |     2 |     4 |     2 |       ||     9
       Evoke Ratskin     |       |       |       |       |     3 |       |       |       |       ||     3
Evoke: Wand              |       |       |       |     2 |    10 |     8 |     4 |     2 |       ||    26
       Phial of floods   |       |       |       |       |       |       |     1 |       |       ||     1
  Use: Scroll            |       |       |     8 |     8 |    16 |    15 |    20 |    17 |     5 ||    89
       Potion            |       |       |     5 |       |     2 |     4 |    15 |     3 |    10 ||    39
 Stab: Sleeping          |       |       |       |     2 |     5 |       |       |       |       ||     7
       Distracted        |       |       |       |       |     1 |       |     4 |       |       ||     5
  Eat: Chunk             |     1 |     6 |     7 |    15 |    34 |    10 |     3 |     6 |       ||    82
       Ration            |       |       |       |     2 |     5 |     7 |     8 |     9 |     3 ||    34
Armor: Scale mail        |    35 |    72 |   159 |    76 |       |       |       |       |       ||   342
       Ring mail         |       |       |       |   360 |   659 |     6 |       |       |       ||  1025
       Gold dragon scale |       |       |       |       |       |   900 |   683 |   737 |    86 ||  2406
Dodge: Dodged            |    18 |    32 |    92 |   393 |  1142 |   359 |   340 |   424 |    67 ||  2867
Block: Shield            |    56 |    58 |   197 |   662 |  1286 |   265 |       |       |       ||  2524
       Large shield      |       |       |       |       |       |  1171 |  1340 |  1437 |   199 ||  4147
